 Dungeon Crawl Stone Soup version 0.30-a0-12-gd8047c6341 (webtiles) character file.

Game seed: 6322567694351259263

2 IdlyInterested the Caller (level 1, 0/13 HPs)
             Began as a Demonspawn Wanderer on Aug 23, 2022.
             Slain by a quokka (1 damage)
             ... on level 1 of the Dungeon.
             The game lasted 00:01:15 (188 turns).

IdlyInterested the Caller (Demonspawn Wanderer)      Turns: 188, Time: 00:01:16

Health: 0/13       AC:  2    Str: 14    XL:     1   Next: 25%
Magic:  2/2        EV: 11    Int: 15    God:
Gold:   0          SH:  0    Dex:  8    Spells: 2/2 levels left

rFire   . . .      SeeInvis .    a - +0 club
rCold   . . .      Faith    .    (no shield)
rNeg    . . .      Spirit   .    c - +0 robe
rPois   .          Reflect  .    (no helmet)
rElec   .          Harm     .    (no cloak)
rCorr   .          Rampage  .    (no gloves)
Will    .....                    (no boots)
Stlth   +.........               (no amulet)
HPRegen 0.04/turn                (no ring)
MPRegen 0.08/turn                (no ring)

@: no status effects
A: no striking features
a: no special abilities


You were on level 1 of the Dungeon.
You visited 1 branch of the dungeon, and saw 1 of its levels.

Inventory:

Hand Weapons
 a - a +0 club (weapon)
Armour
 c - a +0 robe (worn)
Wands
 d - a wand of flame (3)
Scrolls
 e - a scroll of amnesia {unknown}
Potions
 b - a potion of might


   Skills:
 * Level 0.3 Fighting
 + Level 0.1 Maces & Flails
 - Level 1.0 Dodging
 - Level 1.0 Spellcasting
 - Level 4.0 Summonings
 + Level 1.8 Ice Magic
 - Level 2.0 Evocations


You had 2 spell levels left.
You didn't know any spells.
Your spell library contained the following spells:

 Spells                   Type           Power      Damage    Failure   Level
 Summon Small Mammal      Summ           48%        N/A       4%          1
 Freeze                   Ice            24%        1d5       12%         1
 Call Canine Familiar     Summ           12%        N/A       14%         3
 Ozocubu's Armour         Ice            6%         N/A       34%         3
 Summon Ice Beast         Ice/Summ       9%         N/A       58%         4


Dungeon Overview and Level Annotations

Branches:
Dungeon (1/15)

Altars:


Message History

The ball python is severely wounded.
The ball python misses you. The ball python constricts you.
The ball python barely misses you. The ball python constricts you.
You hit the ball python.
You kill the ball python!
You start resting.
HP restored.
You see here a ball python corpse.
A quokka and a goblin come into view.
The goblin is wielding a +0 dagger of venom.
Throw: stone
Press: ? - help, Q - select action, (/) - cycle Shift-Dir - straight line, f - goblin
Aim: a goblin, wielding a +0 dagger of venom (43% to hit)
You throw a stone.
The stone hits the goblin but does no damage.
You see here a ball python corpse.
Aiming: Throw Flame
Press: ? - help, Shift-Dir - straight line, f/p - goblin
Aim: a goblin, wielding a +0 dagger of venom (64% to hit)
The puff of flame hits the goblin!
You kill the goblin!
Unknown command.
The quokka bites you.
You hit the quokka but do no damage. The quokka completely misses you.
You miss the quokka. The quokka bites you. x2
You closely miss the quokka. The quokka bites you.
You barely miss the quokka.
The quokka bites you but does no damage.
The quokka barely misses you.
You closely miss the quokka. The quokka misses you.
You miss the quokka. The quokka bites you. x2
You hit the quokka.
The quokka is heavily wounded.
The quokka closely misses you.
You closely miss the quokka.
The quokka is heavily wounded.
The quokka bites you.
* * * LOW HITPOINT WARNING * * *
The quokka bites you.
You die...

#.# + ..#####..
#.?.....# ........#
#######.......#
..........r....
##########.)#
.###.......###r#
.......⌠.....@.#
#..⌠...⌠..####
#.......## ##..⌠..##
##...## ####...####
######....<....#######
.....................#
..⌠....⌠.....⌠....⌠.)#


You could see a quokka.

Vanquished Creatures
  A goblin (D:1)
  A ball python (D:1)
2 creatures vanquished.

Notes
Turn   | Place    | Note
-------+----------+-------------------------------------------
     0 | D:1      | IdlyInterested the Demonspawn Wanderer began the quest for
                  | the Orb.
     0 | D:1      | IdlyInterested set off with the following items: a +0 club,
                  | a potion of might, a +0 robe, a wand of flame (4); and the
                  | following spells available to memorise: Summon Small
                  | Mammal, Freeze, Call Canine Familiar, Ozocubu's Armour,
                  | Summon Ice Beast.
     0 | D:1      | Reached XP level 1. HP: 13/13 MP: 2/2
   188 | D:1      | Slain by a quokka

Illustrated notes

Levels and vault maps discovered:
D:1:      dpeg_arrival_leaves_temple_mockup, layout_rooms,
          chequers_serial_rivers_room_b

Action                   || total
-------------------------++-------
Melee: Club              ||    13
Throw: Stone             ||     2
Evoke: Wand              ||     1
Armor: Robe              ||     3
Dodge: Dodged            ||     8

Table legend: (Time is in decaauts)
 A = Elapsed time spent in this place.
 B = Non-inter-level travel time spent in this place.
 C = Inter-level travel time spent in this place.
 D = Time resting spent in this place.
 E = Time spent auto-exploring this place.
 F = Levels seen in this place.
 G = Mean time per level.
                   A        B        C        D        E       F      G
               +--------+--------+--------+--------+--------+-----+--------+
         Total |    191 |    191 |      0 |    110 |     16 |   1 |  191.0 |
       Dungeon |    191 |    191 |      0 |    110 |     16 |   1 |  191.0 |
               +--------+--------+--------+--------+--------+-----+--------+

Top non-repeatable levels by time:
     D:1: 191 daAuts
